 Dungeon Crawl Stone Soup version 0.30-a0-782-ge64f9170bb (webtiles) character file.

Game seed: 2514443270925897225

1307 Crownlay the Digger (level 8, -5/52 HPs)
             Began as an Octopode Earth Elementalist on Mar 5, 2023.
             Was a Believer of Vehumet.
             Slain by an orc warrior
             ... wielding a +0 trident
              (7 damage)
             ... on level 6 of the Dungeon.
             The game lasted 00:15:50 (6121 turns).

Crownlay the Digger (Octopode Earth Elementalist)   Turns: 6121, Time: 00:15:51

Health: -5/52      AC:  1    Str:  7    XL:     8   Next: 57%
Magic:  26/33      EV: 13    Int: 20    God:    Vehumet [**....]
Gold:   317        SH:  0    Dex: 12    Spells: 6/16 levels left

rFire   + . .      SeeInvis +    v - +1 short sword (venom)
rCold   . . .      Faith    .    (no shield)
rNeg    . . .      Spirit   .    (helmet restricted)
rPois   .          Reflect  .    t - amulet of magic regeneration
rElec   .          Harm     .    d - ring of see invisible
rCorr   .          Rampage  .    k - ring of protection from fire
Will    .....                    s - ring of magical power
Stlth   +++                      y - ring of magical power
HPRegen 0.28/turn                (no ring)
MPRegen 0.63/turn                (no ring)
                                 (no ring)
                                 (no ring)

@: no status effects
A: almost no armour, amphibious, 8 rings, camouflage 1, gelatinous body 1,
(nimble swimmer 1), tentacles
a: Renounce Religion


You were on level 6 of the Dungeon.
You worshipped Vehumet.
Vehumet was pleased with you.
You visited 2 branches of the dungeon, and saw 7 of its levels.

You collected 317 gold pieces.

Inventory:

Hand Weapons
 v - a +1 short sword of venom (weapon)
Jewellery
 c - an amulet of reflection
 d - a ring of see invisible (left tentacle)
 k - a ring of protection from fire (right tentacle)
 s - a ring of magical power (on tentacle)
 t - an amulet of magic regeneration (around mantle)
 u - a ring of fire
 y - a ring of magical power (on tentacle)
 A - an amulet of guardian spirit
Wands
 E - a wand of acid (4)
Scrolls
 g - 6 scrolls of enchant armour {unknown}
 i - 4 scrolls of identify {unknown}
 m - a scroll of silence {unknown}
 n - 2 scrolls of fog {unknown}
 p - 2 scrolls of teleportation {unknown}
 q - 3 scrolls of vulnerability {unknown}
 r - a scroll of noise {unknown}
 x - a scroll of amnesia {unknown}
 z - a scroll of summoning {unknown}
 C - a scroll of blinking {unknown}
 D - 3 scrolls of enchant weapon {unknown}
Potions
 a - a potion of magic
 b - a potion of ambrosia {unknown}
 e - 2 potions of curing
 f - a potion of might {unknown}
 h - 5 potions of heal wounds {unknown}
 j - a potion of flight {unknown}
 l - a potion of attraction {unknown}
 o - 2 potions of haste {unknown}
 w - 3 potions of degeneration {unknown}
 B - a potion of resistance {unknown}


   Skills:
 + Level 3.2 Fighting
 - Level 2.0 Dodging
 - Level 2.6 Stealth
 + Level 4.9 Spellcasting
 + Level 3.3 Conjurations
 - Level 1.0 Transmutations
 * Level 7.8 Earth Magic


You had 6 spell levels left.
You knew the following spells:

 Your Spells              Type           Power      Damage    Failure   Level
a - Sandblast             Erth           72%        2d16      1%          1
b - Stone Arrow           Conj/Erth      54%        3d10      3%          3
c - Iron Shot             Conj/Erth      13%        9d3       87%         6

Your spell library contained the following spells:

 Spells                   Type           Power      Damage    Failure   Level
 Static Discharge         Conj/Air       22%        2-3/arc   9%          2
 Passwall                 Tmut/Erth      18%        N/A       3%          2
 Petrify                  Tmut/Erth      22%        N/A       19%         4
 Animate Dead             Necr           4%         N/A       75%         4
 Blade Hands              Tmut           4%         N/A       91%         5
 Haunt                    Necr/Summ      2%         N/A       100%        7
 Infestation              Necr           2%         N/A       100%        8
 Animate Armour           Summ/Erth      Unusable   N/A       N/A         4

Dungeon Overview and Level Annotations

Branches:
Dungeon (6/15)             Temple (1/1) D:4

Altars:
Elyvilon
Hepliaklqana
Kikubaaqudgha
Nemelex Xobeh
Sif Muna
Trog
Uskayaw
Vehumet
Zin
The Shining One


Innate Abilities, Weirdness & Mutations

You cannot wear most types of armour.
You are amphibious.
You can wear up to eight rings at the same time.
Your skin changes colour to match your surroundings (Stealth+).
Your rubbery body absorbs attacks. (AC +1, EV +1)
((You are camouflaged when in or above water. (Stealth+)))
You have tentacles for arms and can constrict up to eight enemies at once.


Message History

The orc warrior throws a boomerang.
The boomerang barely misses you.
The orc priest calls down the wrath of Beogh upon you.
Pain shoots through your body!
* * * LOW HITPOINT WARNING * * *
You are too injured to fight recklessly!
You are too injured to fight recklessly!
Okay, then.
Okay, then.
Casting: Sandblast (safe; 1% risk of failure)
Confirm with . or Enter, or press ? or * to list all spells.
Okay, then.
You feel better.
The orc warrior throws a boomerang.
The boomerang closely misses you.
Casting: Sandblast (safe; 1% risk of failure)
Confirm with . or Enter, or press ? or * to list all spells.
Aiming: Stone Arrow (dangerous; 3% risk of failure)
Press: ? - help, Shift-Dir - straight line, f/p - orc warrior
Aim: an orc warrior, wielding a +0 trident, wearing a +0 chain mail and quivering boomerangs (68% to hit)
The stone arrow hits the orc warrior!
The orc warrior is severely wounded.
The orc warrior throws a boomerang.
The boomerang barely misses you.
Casting: Stone Arrow (dangerous; 3% risk of failure)
Confirm with . or Enter, or press ? or * to list all spells.
Aiming: Stone Arrow (dangerous; 3% risk of failure)
Press: ? - help, Shift-Dir - straight line, f/p - orc warrior
Aim: an orc warrior, wielding a +0 trident, wearing a +0 chain mail and quivering boomerangs (severely wounded, 68% to hit)
The stone arrow hits the orc warrior!
The orc warrior is almost dead.
The orc warrior hits you from afar with a +0 trident!
* * * LOW HITPOINT WARNING * * *
Casting: Stone Arrow (dangerous; 3% risk of failure)
Confirm with . or Enter, or press ? or * to list all spells.
Aiming: Stone Arrow (dangerous; 3% risk of failure)
Press: ? - help, Shift-Dir - straight line, f/p - orc warrior
Aim: an orc warrior, wielding a +0 trident, wearing a +0 chain mail and quivering boomerangs (almost dead, 68% to hit)
The stone arrow misses the orc warrior.
The orc priest calls upon Beogh to heal the orc warrior.
The orc warrior is healed somewhat.
The orc warrior hits you from afar with a +0 trident!
You die...

## ........# .#### #
......... .#.#..# #
........########.##.##
................. #..#
#.......### ##..
###.......#######..
#.$###...........
###..# ####........
#o@..# ###......
.....)....# ##.....
......o...# ##....
......#.#.# ####....
........### +.......
####### ......###
+....... ......#
#..... +.......
......# ##########
#....... ......#
.........### #.......


You could see an orc warrior and an orc priest.

Vanquished Creatures
  Grinder (D:6)
  Eustachio (D:5)
  An ice beast (D:6)
  2 phantoms
  A scorpion (D:4)
  A necrophage (D:5)
  2 hounds (D:4)
  A jelly (D:5)
  4 iguanas
  Natasha (thrice) (D:2)
  An orc wizard (D:4)
  Terence (D:2)
  6 gnolls
  10 river rats (D:6)
  4 adders
  2 white imps
  An ufetubus (D:6)
  3 worms
  16 orcs
  4 endoplasms
  2 giant cockroaches
  7 goblins
  8 hobgoblins
  9 quokkas
  8 ball pythons
  5 bats
  3 frilled lizards
  7 kobolds
  17 rats
131 creatures vanquished.

Notes
Turn   | Place    | Note
-------+----------+-------------------------------------------
     0 | D:1      | Crownlay the Octopode Earth Elementalist began the quest
                  | for the Orb.
     0 | D:1      | Reached XP level 1. HP: 11/11 MP: 3/3
   334 | D:1      | Reached XP level 2. HP: 17/17 MP: 3/5
   940 | D:2      | Reached XP level 3. HP: 21/21 MP: 3/6
  1030 | D:2      | Noticed Natasha
  1036 | D:2      | Killed Natasha
  1037 | D:2      | Reached skill level 4 in Earth Magic
  1203 | D:2      | Reached XP level 4. HP: 27/27 MP: 6/8
  1365 | D:2      | Noticed Terence
  1390 | D:1      | Learned a level 3 spell: Stone Arrow
  1588 | D:2      | Noticed Natasha
  1772 | D:2      | Killed Terence
  1948 | D:2      | Killed Natasha
  1949 | D:2      | Reached skill level 5 in Earth Magic
  1949 | D:2      | Reached XP level 5. HP: 31/31 MP: 6/9
  2053 | D:2      | Noticed Natasha
  2056 | D:2      | Killed Natasha
  2235 | D:3      | Found a glowing golden altar of the Shining One.
  2740 | D:3      | Found a bloodstained altar of Trog.
  2778 | D:3      | Noticed an eye of devastation
  2780 | D:3      | Found a faded altar of an unknown god.
  2782 | D:3      | Noticed a floating eye
  2782 | D:3      | Noticed a floating eye
  2782 | D:3      | Noticed a floating eye
  2948 | D:3      | Found a shimmering blue altar of Sif Muna.
  3228 | D:4      | Noticed a phantom
  3239 | D:4      | Killed a phantom
  3240 | D:4      | Reached XP level 6. HP: 36/36 MP: 7/11
  3426 | D:4      | Learned a level 6 spell: Iron Shot
  3497 | D:4      | Found a white marble altar of Elyvilon.
  3562 | D:4      | Found a staircase to the Ecumenical Temple.
  3574 | D:4      | Reached skill level 6 in Earth Magic
  3582 | Temple   | Entered the Ecumenical Temple
  3623 | Temple   | Became a worshipper of Vehumet
  3697 | D:4      | Found a hazy altar of Hepliaklqana.
  3734 | D:4      | Reached skill level 1 in Fighting
  3734 | D:4      | Reached skill level 1 in Conjurations
  3867 | D:4      | Reached XP level 7. HP: 41/43 MP: 12/12
  3881 | D:4      | Found a glowing silver altar of Zin.
  4007 | D:5      | Entered Level 5 of the Dungeon
  4170 | D:5      | Noticed Eustachio
  4187 | D:5      | Killed Eustachio
  4396 | D:5      | Found an ancient bone altar of Kikubaaqudgha.
  4549 | D:5      | Reached skill level 7 in Earth Magic
  4934 | D:6      | Reached XP level 8. HP: 51/51 MP: 14/14
  4936 | D:6      | Noticed Grinder
  4945 | D:6      | Killed Grinder
  5574 | D:6      | Reached * piety under Vehumet
  5574 | D:6      | Offered knowledge of Kiss of Death by Vehumet.
  5819 | D:6      | Offered knowledge of Static Discharge by Vehumet.
  5824 | D:6      | Reached ** piety under Vehumet
  6120 | D:6      | HP: 2/52 [orc warrior/+0 trident (14)]
  6121 | D:6      | Slain by an orc warrior

Illustrated notes

Levels and vault maps discovered:
D:1:      minmay_arrival_floating_metal, layout_loops_ring, due_unseen_surprise
D:2:      layout_rooms, chequers_hall_statues_y, uniq_terence, uniq_natasha
D:3:      layout_basic, mainiacjoe_overflow_alcove_2,
          nicolae_sif_muna_little_library, mainiacjoe_overflow_cross_hatched,
          hellmonk_ecumenical_altar_watching_god, minmay_misc_feat_diagonals,
          serial_bayou_pond_c
D:4:      layout_cave_pools, mainiacjoe_overflow_surrounded_room,
          lemuel_tele_altar, nicolae_overflow_hidden_temple,
          minmay_temple_entry_ruins, serial_column_ruins,
          column_ruins_open_large, column_ruins_grid_1, column_ruins_grid_3,
          column_ruins_corridor_dead_end
D:5:      layout_loops_ring, overflow_temple_1_default, uniq_eustachio
D:6:      lemuel_ratsnest, layout_layer_cave, mainiacjoe_overflow_alcove_4,
          serial_co_window_serial, co_window_of_opportunity_a,
          co_window_paths_a, co_window_paths_a, co_window_corner_a,
          co_window_of_opportunity_a, co_window_paths_c, co_window_2corner,
          co_window_corner_b, co_window_corner_cb, co_window_corner_cb,
          glass_columns_c, uniq_grinder
Temple:   hellmonk_temple_flake

Skill      XL: |  1  2  3  4  5  6  7  8 |
---------------+-------------------------+-----
Earth Magic    | 4 5 6 7 |  7.8
Spellcasting   | 3 4 |  4.9
Fighting       | 1 2 3 |  3.2
Conjurations   | 1 2 3 |  3.3
Dodging        | |  2.0
Stealth        | |  2.6
Transmutations | |  1.0

Action                     |  1- 3 |  4- 6 |  7- 9 || total
---------------------------+-------+-------+-------++-------
  Melee: Unarmed           |     2 |     2 |       ||     4
         Tentacles         |     1 |       |       ||     1
         Constrict         |       |     1 |     1 ||     2
         Short sword       |       |       |     2 ||     2
   Cast: Sandblast         |    37 |    74 |    99 ||   210
         Stone Arrow       |       |     3 |     3 ||     6
    Use: Potion            |       |       |     1 ||     1
 Armour: Skin              |       |     1 |     6 ||     7
  Dodge: Dodged            |     7 |    12 |    35 ||    54
  Block: Other             |     2 |     9 |       ||    11
         Reflection        |       |     1 |       ||     1

Table legend: (Time is in decaauts)
 A = Elapsed time spent in this place.
 B = Non-inter-level travel time spent in this place.
 C = Inter-level travel time spent in this place.
 D = Time resting spent in this place.
 E = Time spent auto-exploring this place.
 F = Levels seen in this place.
 G = Mean time per level.
                   A        B        C        D        E       F      G
               +--------+--------+--------+--------+--------+-----+--------+
         Total |   6225 |   5927 |    298 |      0 |   5013 |   7 |  889.3 |
       Dungeon |   6173 |   5892 |    281 |      0 |   4983 |   6 | 1028.8 |
        Temple |     52 |     35 |     17 |      0 |     30 |   1 |   52.0 |
               +--------+--------+--------+--------+--------+-----+--------+

Top non-repeatable levels by time:
     D:6: 1220 daAuts
     D:3: 1123 daAuts
     D:1: 1053 daAuts
     D:2: 1044 daAuts
     D:5: 928 daAuts
     D:4: 802 daAuts
  Temple: 52 daAuts
